 Dungeon Crawl Stone Soup version 0.28-a0-1130-gc51a68064b (webtiles) character file.

Game seed: 8835936088983918048

74 SensoryNuts the Twirler (level 4, -1/27 HPs)
             Began as a Gargoyle Gladiator on Dec 12, 2021.
             Slain by Sigmund (5 damage)
             ... on level 2 of the Dungeon.
             The game lasted 00:01:35 (1518 turns).

SensoryNuts the Twirler (Gargoyle Gladiator)        Turns: 1518, Time: 00:01:36

Health: -1/27      AC:  7    Str: 20    XL:     4   Next: 30%
Magic:  4/4        EV: 12    Int:  8    God:
Gold:   57         SH:  0    Dex: 11    Spells: 3/3 levels left

rFire   . . .      SeeInvis .   e - +4 dagger
rCold   . . .      Faith    .   (no shield)
rNeg    + . .      Spirit   .   b - +0 leather armour
rPois   ∞          Reflect  .   c - +0 helmet
rElec   +          Harm     .   (no cloak)
rCorr   .          Rampage  .   (no gloves)
Will    .....                   (no boots)
Stlth   +.........              (no amulet)
HPRegen 0.09/turn               (no ring)
MPRegen 0.09/turn               (no ring)

@: flying
A: sickness immunity, AC +3, negative energy resistance 1, electricity
resistance, torment resistance 1, petrification resistance
a: no special abilities


You were on level 2 of the Dungeon.
You visited 1 branch of the dungeon, and saw 2 of its levels.

You collected 57 gold pieces.

Inventory:

Hand Weapons
 a - a +0 quarterstaff
 e - a +4 dagger (weapon)
Missiles
 d - 3 throwing nets (quivered)
Armour
 b - a +0 leather armour (worn)
 c - a +0 helmet (worn)
Scrolls
 f - 2 scrolls of teleportation {unknown}
 g - a scroll of enchant armour {unknown}


   Skills:
 + Level 2.3 Fighting
 + Level 0.7 Short Blades
 + Level 3.9 Staves
 + Level 1.9 Throwing
 + Level 1.0 Armour
 + Level 2.9 Dodging
 + Level 0.7 Stealth


You had 3 spell levels left.
You didn't know any spells.
Your spell library was empty.

Dungeon Overview and Level Annotations

Branches:
Dungeon (2/15)

Altars:
Dithmenos

Annotations:
D:2 Sigmund


Innate Abilities, Weirdness & Mutations

You are immune to sickness and miasma.
Your stone body is resilient. (AC +3)
You are immune to poison.
You resist negative energy. (rN+)
You are resistant to electric shocks. (rElec)
You are resistant to unholy torment.
You are immune to petrification.


Message History

You hear some strange, mumbled words.
A puff of flame appears from out of thin air!
The puff of flame misses you. The frilled lizard misses you.
It was a potion of curing.
You feel better. The giant cockroach misses you. Something hits you!
* * * LOW HITPOINT WARNING * * *
The giant cockroach barely misses you. The frilled lizard closely misses you.
It was a potion of flight.
You feel very buoyant.
You fly up into the air.
The giant cockroach barely misses you.
You hear some strange, mumbled words.
You are confused.
The frilled lizard barely misses you.
It was a potion of heal wounds.
You feel much better. The giant cockroach barely misses you.
You hear some strange, mumbled words.
Something tries to affect you, but you resist.
The frilled lizard closely misses you.
You hit the giant cockroach.
The giant cockroach is almost dead.
The giant cockroach closely misses you. Something hits you!
You're too confused to move!
The frilled lizard bites you but does no damage.
The giant cockroach bites you but does no damage.
The frilled lizard bites you but does no damage.
The giant cockroach bites you but does no damage.
The frilled lizard completely misses you.
Something hits you! The giant cockroach misses you.
You're too confused to move!
The frilled lizard closely misses you. The giant cockroach closely misses you.
Something hits you.
You barely miss the frilled lizard. The frilled lizard misses you.
The giant cockroach bites you but does no damage.
You puncture the frilled lizard!
You kill the frilled lizard!
You feel less confused. The giant cockroach closely misses you.
Something hits you.
* * * LOW HITPOINT WARNING * * *
You hit the kobold but do no damage. The giant cockroach closely misses you.
The kobold closely misses you. Something hits you.
You die...

...........###..............
............................
.......... .........#.......
.........# #.............
.........## #.#..##......#
..........# ##.............
..........# #...#.##.###...
...###....####.#.#........._
##..)K@.#...####..#....
###{B............##...
###.†..........####.
#.............###.
#.#...........##..
#...#...............
#...###.....).........
...... #..........#.#.(
..... #..#######)..#..


You could see a giant cockroach and a kobold.

Vanquished Creatures
  Natasha (D:2)
  A worm (D:2)
  A dart slug (D:1)
  3 endoplasms (D:1)
  9 goblins
  5 hobgoblins
  3 quokkas
  3 ball pythons (D:1)
  3 bats (D:1)
  5 frilled lizards (D:2)
  5 kobolds
  5 rats
44 creatures vanquished.

Vanquished Creatures (others)
  2 fungi (D:2)
  A plant (D:2)
3 creatures vanquished.

Grand Total: 47 creatures vanquished

Notes
Turn   | Place    | Note
-------+----------+-------------------------------------------
     0 | D:1      | SensoryNuts the Gargoyle Gladiator began the quest for the
                  | Orb.
     0 | D:1      | Reached XP level 1. HP: 12/12 MP: 1/1
   172 | D:1      | Reached XP level 2. HP: 11/17 MP: 2/2
  1084 | D:1      | Reached XP level 3. HP: 21/21 MP: 3/3
  1343 | D:2      | Noticed Natasha
  1352 | D:2      | Killed Natasha
  1357 | D:2      | Reached XP level 4. HP: 27/27 MP: 4/4
  1374 | D:2      | Found a shadowy altar of Dithmenos.
  1471 | D:2      | Reached skill level 1 in Armour
  1492 | D:2      | Noticed Sigmund
  1518 | D:2      | Slain by Sigmund

Illustrated notes

Levels and vault maps discovered:
D:1:      matt_arrival_diagonals, layout_loops_ring
D:2:      layout_rooms, basic_altar, shapermc_ecumenical_altar_hornbeckon,
          uniq_natasha, uniq_sigmund

Skill      XL: |  1  2  3  4 |
---------------+-------------+-----
Armour         | 1 |  1.0
Fighting       | |  2.3
Short Blades   | |  0.7
Staves         | |  3.9
Throwing       | |  1.9
Dodging        | |  2.9
Stealth        | |  0.7

Action                   |  1- 3 |  4- 6 || total
-------------------------+-------+-------++-------
Melee: Dagger            |    67 |    43 ||   110
       Quarterstaff      |     9 |       ||     9
  Use: Potion            |       |     3 ||     3
Armor: Leather armour    |    27 |    16 ||    43
Dodge: Dodged            |    49 |    38 ||    87

Table legend: (Time is in decaauts)
 A = Elapsed time spent in this place.
 B = Non-inter-level travel time spent in this place.
 C = Inter-level travel time spent in this place.
 D = Time resting spent in this place.
 E = Time spent auto-exploring this place.
 F = Levels seen in this place.
 G = Mean time per level.
                   A        B        C        D        E       F      G
               +--------+--------+--------+--------+--------+-----+--------+
         Total |   1517 |   1517 |      0 |      0 |   1184 |   2 |  758.5 |
       Dungeon |   1517 |   1517 |      0 |      0 |   1184 |   2 |  758.5 |
               +--------+--------+--------+--------+--------+-----+--------+

Top non-repeatable levels by time:
     D:1: 1340 daAuts
     D:2: 176 daAuts
